 Dungeon Crawl Stone Soup version 0.26-a0-720-g2a1d101370 (webtiles) character file.

Game seed: 9125084216947063582

19 robertstho the Gusty (level 2, -2/20 HPs)
             Began as a Gnoll Air Elementalist on Nov 3, 2020.
             Slain by a wight
             ... wielding a +5 flail
              (10 damage)
             ... on level 2 of the Dungeon.
             The game lasted 00:01:18 (1183 turns).

robertstho the Gusty (Gnoll Air Elementalist)       Turns: 1183, Time: 00:01:19

Health: -2/20      AC:  2    Str: 10    XL:     2   Next: 75%
Magic:  1/7        EV: 14    Int: 23    God:
Gold:   91         SH:  0    Dex: 15    Spells: 9/10 levels left

rFire    . . .     SeeInvis .   (no weapon)
rCold    . . .     Faith    .   (no shield)
rNeg     . . .     Spirit   .   a - +0 robe
rPois    .         Reflect  .   (no helmet)
rElec    .         Harm     .   (no cloak)
rCorr    .         Rampage  .   (no gloves)
MR       .....                  (no boots)
Stlth    +++.......             (no amulet)
HPRegen  0.06/turn              b - +6 ring of intelligence
MPRegen  0.10/turn              (no ring)

@: no status effects
A: distributed training, fangs 1, strong nose
a: no special abilities


You were on level 2 of the Dungeon.
You visited 1 branch of the dungeon, and saw 2 of its levels.

You collected 91 gold pieces.

Inventory:

Armour
 a - a +0 robe (worn)
Jewellery
 b - a +6 ring of intelligence (left hand)
Scrolls
 c - 2 scrolls of random uselessness {unknown}
 d - a scroll of immolation {unknown}
 f - a scroll of teleportation {unknown}
Potions
 e - a potion of heal wounds {unknown}


   Skills:
 + Level 0.5 Fighting
 + Level 0.5 Short Blades
 + Level 0.5 Long Blades
 + Level 0.5 Axes
 + Level 0.5 Maces & Flails
 + Level 0.5 Polearms
 + Level 0.5 Staves
 + Level 0.5 Slings
 + Level 0.5 Bows
 + Level 0.5 Crossbows
 + Level 0.5 Throwing
 + Level 0.5 Armour
 + Level 4.5 Dodging
 + Level 4.1 Stealth
 + Level 0.5 Shields
 + Level 0.5 Unarmed Combat
 + Level 4.9 Spellcasting
 + Level 2.0 Conjurations
 + Level 0.3 Hexes
 + Level 0.3 Summonings
 + Level 0.3 Necromancy
 + Level 0.3 Translocations
 + Level 0.3 Transmutations
 + Level 0.3 Fire Magic
 + Level 0.3 Ice Magic
 + Level 5.3 Air Magic
 + Level 0.3 Earth Magic
 + Level 0.3 Poison Magic
 + Level 0.6 Invocations
 + Level 0.5 Evocations


You had 9 spell levels left.
You knew the following spells:

 Your Spells              Type           Power        Failure   Level
a - Shock                 Conj/Air       ###.         1%          1

Your spell library contained the following spells:

 Spells                   Type           Power        Failure   Level
 Swiftness                Air            ####....     1%          2
 Static Discharge         Conj/Air       ###.....     6%          3
 Airstrike                Air            ####......   11%         4
 Lightning Bolt           Conj/Air       ###.......   50%         5


Dungeon Overview and Level Annotations

Branches:
Dungeon (2/15)

Altars:


Innate Abilities, Weirdness & Mutations

Your experience applies equally to all skills.
You have very sharp teeth.
Your uncanny sense of smell can sniff out nearby items.


Message History

Aim: a wight, wielding a +0 battleaxe and wearing a +0 robe (heavily damaged)
The zap hits the wight.
The wight is severely damaged.
The zap hits the wight.
The wight is heavily damaged.
The wight hits you with a +5 flail!
Ouch! That really hurt!
There is a stone staircase leading down here.
Casting: Shock (safe; 1% risk of failure)
Confirm with . or Enter, or press ? or * to list all spells.
Aiming: Shock (safe; 1% risk of failure)
Press: ? - help, Shift-Dir - straight line, f/p - wight
Aim: a wight, wielding a +0 battleaxe and wearing a +0 robe (heavily damaged)
The zap hits the wight but does no damage.
The wight is severely damaged.
The zap hits the wight.
The wight is severely damaged.
The wight hits you with a +5 flail!
Ouch! That really hurt!
You die...

.. #+# ∆ #.##.# #..#.#
#.#.# #...# #.# ##..# #.#
#.z# ### #..
..#########.#### ..# #.#
#......@zz.....# #.# #.#
##############.## #.# #.#
#..#### #..# #.#
#.####.#.#.#### ##.##
#.###.##.#...#..#.#### #..#
#.....##.#.#...#...#)####.#
#.###...†....#...#........#
#.# ####.#.#...#...#.######
#.######.#...#..#.####


You could see 2 wights.

Vanquished Creatures
  4 bats
  2 giant cockroaches
  3 hobgoblins
  A kobold (D:1)
  2 frilled lizards (D:1)
  4 goblins
  2 rats (D:1)
18 creatures vanquished.

Notes
Turn   | Place    | Note
-------+----------+-------------------------------------------
     0 | D:1      | robertstho the Gnoll Air Elementalist began the quest for
                  | the Orb.
     0 | D:1      | Reached XP level 1. HP: 13/13 MP: 6/6
   253 | D:1      | Reached XP level 2. HP: 19/19 MP: 3/7
  1168 | D:2      | Noticed a wight
  1169 | D:2      | Noticed a wight
  1183 | D:2      | Slain by a wight

Illustrated notes

Levels and vault maps discovered:
D:1:      onia_arrival_pyramid, layout_loops_corners
D:2:      minmay_spotlight, layout_basic, chequers_ecumenical_altar_twisty,
          nemelex_xobeh_ov_fountains_minmay

Skill      XL: |  1 |
---------------+----+-----
Conjurations   | 2 |  2.0
Fighting       | |  0.5
Short Blades   | |  0.5
Long Blades    | |  0.5
Axes           | |  0.5
Maces & Flails | |  0.5
Polearms       | |  0.5
Staves         | |  0.5
Slings         | |  0.5
Bows           | |  0.5
Crossbows      | |  0.5
Throwing       | |  0.5
Armour         | |  0.5
Dodging        | |  4.5
Stealth        | |  4.1
Shields        | |  0.5
Unarmed Combat | |  0.5
Spellcasting   | |  4.9
Hexes          | |  0.3
Summonings     | |  0.3
Necromancy     | |  0.3
Translocations | |  0.3
Transmutations | |  0.3
Fire Magic     | |  0.3
Ice Magic      | |  0.3
Air Magic      | |  5.3
Earth Magic    | |  0.3
Poison Magic   | |  0.3
Invocations    | |  0.6
Evocations     | |  0.5

Action                   || total
-------------------------++-------
 Cast: Shock             ||    37
Dodge: Dodged            ||     4

Table legend: (Time is in decaauts)
 A = Elapsed time spent in this place.
 B = Non-inter-level travel time spent in this place.
 C = Inter-level travel time spent in this place.
 D = Time resting spent in this place.
 E = Time spent auto-exploring this place.
 F = Levels seen in this place.
 G = Mean time per level.
                   A        B        C        D        E       F      G
               +--------+--------+--------+--------+--------+-----+--------+
         Total |   1182 |   1142 |     40 |      0 |   1069 |   2 |  591.0 |
       Dungeon |   1182 |   1142 |     40 |      0 |   1069 |   2 |  591.0 |
               +--------+--------+--------+--------+--------+-----+--------+

Top non-repeatable levels by time:
     D:1: 929 daAuts
     D:2: 252 daAuts
